Map: Orbital Shipyard

Players

llllllllllll

  • Race: Protoss Protoss
  • League: Master

MCanning - Winner!

  • Race: Protoss Protoss
  • League: Grandmaster

VOD

http://www.twitch.tv/mcanning/v/33124982

Description

Time

  • Played on: Jan. 2, 2016, 2:22 a.m.
  • Length: 7:29
Show
View Real Time Build Order
Export as new Build Order

llllllllllll Protoss 

Build Orders: Nexus First, Blink Stalkers 

Get SALT Encoding   

  12  0:01  Probe (Chrono Boost)  
  13  0:11  Probe (Chrono Boost)  
  14  0:19  Pylon  
  14  0:22  Probe (Chrono Boost)  
  15  0:38  Probe (Chrono Boost)  
  16  0:48  Probe (Chrono Boost)  
  17  0:57  Nexus  
  17  1:00  Probe (Chrono Boost)  
  18  1:10  Gateway  
  18  1:13  Probe (Chrono Boost)  
  19  1:19  Assimilator  
  19  1:24  Probe (Chrono Boost)  
  20  1:26  Assimilator  
  20  1:34  Probe (Chrono Boost)  
  21  1:40  Gateway  
  21  1:45  Probe (Chrono Boost)  
  22  1:55  Probe (Chrono Boost)  
  22  1:57  Cybernetics Core  
  23  2:09  Probe x2 (Chrono Boost)  
  25  2:19  Probe x2 (Chrono Boost)  
  27  2:27  Pylon  
  28  2:30  Probe x2 (Chrono Boost)  
  28  2:35  Adept x2 (Chrono Boost)  
  33  2:39  Warp Gate  
  33  2:42  Probe  
  33  2:43  Probe  
  35  2:54  Mothership Core (Chrono Boost)  
  35  2:56  Probe (Chrono Boost)  
  38  3:00  Twilight Council  
  38  3:08  Probe (Chrono Boost)  
  38  3:11  Pylon  
  39  3:15  Stalker x2  
  39  3:19  Probe (Chrono Boost)  
  45  3:20  Probe (Chrono Boost)  
  45  3:24  Pylon  
  45  3:30  Probe x2 (Chrono Boost)  
  47  3:38  Blink (Chrono Boost)  
  47  3:39  Probe  
  47  3:41  Probe  
  49  3:45  Assimilator  
  49  3:50  Probe  
  49  3:53  Probe  
  51  4:00  Gateway  
  51  4:04  Gateway  
  51  4:08  Probe  
  51  4:09  Probe  
  52  4:17  Gateway  
  52  4:19  Gateway  
  52  4:21  Gateway  
  52  4:40  Pylon  
  52  4:42  Pylon  
  52  4:47  Stalker x2  
  56  4:53  Pylon  
  56  5:01  Stalker x2  
  60  5:11  Pylon  
  60  5:14  Stalker x4  
  62  5:20  Stalker  
  70  5:22  Pylon  
  70  5:29  Stalker x2  
  74  5:41  Stalker x3  
  74  5:42  Gateway  
  80  5:45  Stalker  
  80  5:46  Stalker  
  84  5:54  Stalker  
  84  5:55  Stalker  
  88  6:15  Stalker x5  
  88  6:16  Pylon  
  94  6:43  Pylon  
  94  6:45  Stalker x4  
  94  6:46  Stalker x2  
  106  6:49  Zealot x2  
  106  6:53  Pylon  
  95  7:18  Stalker x5  
  95  7:20  Zealot x2  
Show
View Real Time Build Order
Export as new Build Order

MCanning Protoss - Winner!

Build Orders: Nexus First 

Get SALT Encoding   

  12  0:01  Probe (Chrono Boost)  
  13  0:11  Probe (Chrono Boost)  
  14  0:17  Pylon  
  14  0:22  Probe (Chrono Boost)  
  15  0:36  Probe (Chrono Boost)  
  16  0:46  Probe (Chrono Boost)  
  17  0:57  Nexus  
  17  1:08  Gateway  
  18  1:11  Probe (Chrono Boost)  
  18  1:22  Probe (Chrono Boost), Assimilator  
  19  1:26  Assimilator  
  19  1:32  Probe (Chrono Boost)  
  20  1:34  Pylon  
  20  1:42  Gateway  
  20  1:43  Probe (Chrono Boost)  
  21  1:53  Probe (Chrono Boost)  
  22  1:59  Cybernetics Core  
  22  2:04  Probe (Chrono Boost)  
  23  2:12  Pylon  
  23  2:13  Probe (Chrono Boost)  
  24  2:17  Probe (Chrono Boost)  
  25  2:24  Probe (Chrono Boost)  
  25  2:27  Probe (Chrono Boost)  
  27  2:38  Mothership Core (Chrono Boost), Warp Gate  
  27  2:43  Adept (Chrono Boost)  
  31  2:44  Adept (Chrono Boost)  
  31  2:49  Probe  
  34  2:57  Probe (Chrono Boost)  
  35  3:01  Probe (Chrono Boost)  
  36  3:09  Probe (Chrono Boost)  
  38  3:13  Probe (Chrono Boost)  
  38  3:14  Stalker, Sentry  
  38  3:19  Pylon  
  42  3:20  Probe (Chrono Boost)  
  42  3:23  Probe (Chrono Boost)  
  44  3:31  Probe (Chrono Boost)  
  44  3:34  Probe (Chrono Boost)  
  46  3:36  Twilight Council  
  46  3:41  Sentry, Probe (Chrono Boost)  
  49  3:44  Probe (Chrono Boost)  
  50  3:52  Probe (Chrono Boost)  
  50  3:55  Probe (Chrono Boost)  
  52  3:58  Assimilator  
  52  4:02  Probe (Chrono Boost), Assimilator  
  53  4:05  Probe (Chrono Boost)  
  53  4:08  Blink (Chrono Boost)  
  54  4:17  Pylon  
  54  4:21  Pylon  
  54  4:27  Robotics Facility  
  54  4:33  Probe  
  54  4:35  Probe  
  54  4:38  Gateway  
  56  4:39  Gateway  
  56  4:41  Gateway  
  56  4:44  Probe  
  56  4:45  Gateway  
  54  4:47  Probe  
  54  4:50  Pylon  
  56  4:54  Probe  
  56  4:59  Probe, Forge  
  58  5:03  Pylon  
  58  5:05  Probe  
  59  5:11  Stalker x2, Probe, Pylon  
  64  5:17  Observer (Chrono Boost)  
  65  5:37  Immortal (Chrono Boost)  
  65  5:41  Photon Cannon  
  69  5:43  Stalker x2  
  69  5:46  Stalker x4  
  81  6:00  Dark Shrine  
  77  6:14  Immortal (Chrono Boost)  
  77  6:16  Stalker x2  
  77  6:17  Pylon  
  85  6:19  Pylon  
  85  6:32  Stalker x2  
  87  6:44  Gateway  
  87  6:45  Stalker x3  
  87  6:46  Stalker  
  95  6:51  Immortal (Chrono Boost)  
  99  7:06  Pylon  
  99  7:13  Zealot x4  
  99  7:18  Dark Templar x2  
Tags
 
Add a new tag
Caveats
  • Supply blocks, unpowered buildings, or Contaminate may cause inaccurate times.
  • Supply counts are checked every 10 seconds.